[Event "Outaouais-ch"]
[Site "Gatineau CAN"]
[Date "2023.05.09"]
[Round "7"]
[White "Latreille, Etienne"]
[Black "Arsenault, Michel"]
[Result "1-0"]
[ECO "B31"]
[WhiteElo "2073"]
[BlackElo "1878"]
[PlyCount "81"]
[EventDate "2023.03.28"]
[EventType "tourn"]
[EventRounds "7"]
[EventCountry "CAN"]
[TimeControl "90+30"]

1. e4 c5 2. Nf3 Nc6 3. Bb5 g6 4. O-O Bg7 5. c3 Nf6 6. Re1 O-O 7. d4 d5 8. e5
Ne4 9. Bxc6 bxc6 10. Be3 Qb6 11. Qc1 Rb8 12. b3 Qa5 13. Nfd2 Nxd2 14. Nxd2 cxd4
15. cxd4 c5 16. dxc5 Bxe5 17. Bh6 Bf6 18. Bxf8 Kxf8 19. a3 Bf5 20. b4 Qa4 21.
Nf3 Bxa1 22. Qxa1 f6 23. h3 a5 24. Qc1 e5 25. Qh6+ Kg8 26. Nh4 Bc2 27. Qd2 d4
28. f4 axb4 29. axb4 Qxb4 30. Qxb4 Rxb4 31. fxe5 fxe5 32. Rxe5 Rb5 33. Nf3 Bf5
34. g4 Rb1+ 35. Kf2 Rb2+ 36. Kg3 Bd7 37. Nxd4 Rd2 38. Rd5 Ba4 39. Kf4 Kf7 40.
Ke5 Ke7 41. Nc6+ 1-0

[Event "Outaouais-ch"]
[Site "Gatineau CAN"]
[Date "2023.05.16"]
[Round "8"]
[White "Arsenault, Michel"]
[Black "Guimond, Michel"]
[Result "0-1"]
[ECO "A21"]
[WhiteElo "1878"]
[BlackElo "1893"]
[PlyCount "84"]
[EventDate "2023.03.28"]
[EventType "tourn"]
[EventRounds "7"]
[EventCountry "CAN"]
[TimeControl "90+30"]

1. c4 e5 2. g3 d6 3. Bg2 g6 4. e3 Bg7 5. Nc3 c6 6. Nge2 Be6 7. b3 Nh6 8. Bb2
O-O 9. O-O Qd7 10. d4 Bh3 11. Qd2 Bxg2 12. Kxg2 f5 13. dxe5 dxe5 14. Rad1 Qxd2
15. Rxd2 Na6 16. Ba3 Rfd8 17. Rfd1 Nf7 18. Rd7 Rab8 19. c5 Kf8 20. e4 Ke8 21.
R7d3 Rxd3 22. Rxd3 Bf8 23. exf5 gxf5 24. Rf3 Nh6 25. Bc1 e4 26. Rf4 Be7 27.
Rxe4 fxe4 28. Bxh6 Nxc5 29. Be3 b6 30. Bxc5 bxc5 31. Nxe4 Rd8 32. Nf4 Kf7 33.
h4 Rd1 34. Kh3 Ra1 35. Kg4 Rxa2 36. Kf5 Ra5 37. Nd3 c4+ 38. Ne5+ Rxe5+ 39. Kxe5
cxb3 40. Nd2 b2 41. Kd4 a5 42. Kc3 Bb4+ 0-1

[Event "Outaouais-ch"]
[Site "Gatineau CAN"]
[Date "2023.05.16"]
[Round "8"]
[White "Desjardins, Michel"]
[Black "Raymond, Daniel"]
[Result "1/2-1/2"]
[ECO "B30"]
[WhiteElo "1897"]
[BlackElo "1734"]
[PlyCount "53"]
[EventDate "2023.03.28"]
[EventType "tourn"]
[EventRounds "7"]
[EventCountry "CAN"]
[TimeControl "90+30"]

1. e4 c5 2. Nf3 Nc6 3. b4 cxb4 4. d4 d5 5. exd5 Qxd5 6. c4 bxc3 7. Nxc3 Qd8 8.
d5 Na5 9. Ne5 Nf6 10. Qa4+ Bd7 11. Nxd7 Nxd7 12. Bd2 b6 13. Ba6 g6 14. Qd4 Rg8
15. O-O Bg7 16. Qh4 Kf8 17. Rfe1 Nf6 18. Rad1 Qd7 19. Bf4 Qg4 20. Qxg4 Nxg4 21.
Nb5 Bh6 22. Bg3 Bg5 23. d6 exd6 24. Rxd6 Rd8 25. h3 Nh6 26. Rxd8+ Bxd8 27. Nxa7
1/2-1/2

[Event "Outaouais-ch"]
[Site "Gatineau CAN"]
[Date "2023.05.16"]
[Round "8"]
[White "Thompson, Francis"]
[Black "Latreille, Etienne"]
[Result "0-1"]
[ECO "A12"]
[WhiteElo "1765"]
[BlackElo "2073"]
[PlyCount "134"]
[EventDate "2023.03.28"]
[EventType "tourn"]
[EventRounds "7"]
[EventCountry "CAN"]
[TimeControl "90+30"]

1. Nf3 d5 2. c4 c6 3. e3 Nf6 4. b3 Bf5 5. Bb2 e6 6. Nc3 h6 7. Be2 Nbd7 8. d4
Bd6 9. O-O O-O 10. h3 a5 11. Nd2 Re8 12. f4 Bb4 13. a3 Bxc3 14. Bxc3 Ne4 15.
Nxe4 Bxe4 16. Be1 Qf6 17. Ra2 Nb6 18. c5 Nd7 19. Kh2 b6 20. Qc1 bxc5 21. dxc5
Qe7 22. b4 axb4 23. Bxb4 Reb8 24. Rb2 f5 25. Rg1 Rf8 26. Bc3 Qxc5 27. Rb7 Qd6
28. g4 Rf7 29. gxf5 Bxf5 30. Bh5 Re7 31. Qb2 e5 32. fxe5 Qe6 33. Qg2 Kh7 34.
Bb4 c5 35. Rxd7 Qxe5+ 36. Qg3 Qxg3+ 37. Rxg3 Rxd7 38. Bxc5 Be4 39. Rg1 Rc7 40.
Bb4 Rc2+ 41. Kg3 g6 42. Bg4 h5 43. Bd7 Ra7 44. Be6 Rc6 45. Bg4 hxg4 46. hxg4 g5
47. Rf1 Rcc7 48. Rf2 Rf7 49. Rh2+ Kg6 50. Rh8 Rf3+ 51. Kh2 Rh7+ 52. Rxh7 Kxh7
53. Bc5 Rf2+ 54. Kg3 Rc2 55. Bd4 Kg6 56. Kh3 Ra2 57. Bc5 Kf7 58. Kg3 Ke6 59.
Kh3 Bh1 60. Kg3 Ke5 61. Be7 Ke4 62. Bxg5 Rxa3 63. Kh2 Bf3 64. Kg3 Rxe3 65. Bxe3
Kxe3 66. g5 d4 67. g6 Bd5 0-1

[Event "Outaouais-ch Reserve"]
[Site "Gatineau CAN"]
[Date "2023.03.28"]
[Round "1"]
[White "Arvisais, Eric"]
[Black "Pestieau, Gabriel"]
[Result "1-0"]
[ECO "D80"]
[WhiteElo "1204"]
[BlackElo "1582"]
[PlyCount "71"]
[EventDate "2023.03.28"]
[EventType "swiss"]
[EventRounds "7"]
[EventCountry "CAN"]
[TimeControl "90+30"]

1. d4 Nf6 2. c4 g6 3. Nc3 d5 4. Bg5 c6 5. Bxf6 exf6 6. Nf3 Bg7 7. e4 dxe4 8.
Nxe4 Qe7 9. Qe2 O-O 10. Nc3 Qd8 11. Qd2 Bg4 12. Qf4 Re8+ 13. Be2 Bxf3 14. gxf3
Qb6 15. O-O-O a5 16. c5 Qb4 17. a3 Qb3 18. Rd3 f5 19. Bd1 Qc4 20. Re3 Nd7 21.
Rhe1 Re6 22. Rxe6 fxe6 23. Qc7 Qxd4 24. Rxe6 Nxc5 25. Re7 Bh6+ 26. Kb1 Qd3+ 27.
Bc2 Qf1+ 28. Nd1 Na6 29. Qxb7 Rd8 30. Bb3+ Rd5 31. Re8+ Bf8 32. Qxc6 Qd3+ 33.
Ka2 Kf7 34. Bxd5+ Qxd5+ 35. Qxd5+ Kxe8 36. Qc6+ 1-0

[Event "Outaouais-ch Reserve"]
[Site "Gatineau CAN"]
[Date "2023.03.28"]
[Round "1"]
[White "Chacon, Jose"]
[Black "Roy, Dominique"]
[Result "1-0"]
[ECO "C56"]
[WhiteElo "1585"]
[BlackElo "1213"]
[PlyCount "63"]
[EventDate "2023.03.28"]
[EventType "swiss"]
[EventRounds "7"]
[EventCountry "CAN"]
[TimeControl "90+30"]

1. e4 e5 2. Bc4 Nf6 3. Nf3 Nc6 4. d4 Bd6 5. O-O a6 6. a4 Qe7 7. Re1 Na5 8. Ba2
b6 9. Bg5 h6 10. Bh4 Bb7 11. Nc3 O-O-O 12. Nd5 g5 13. Nxe7+ Bxe7 14. Bg3 Bb4
15. c3 Be7 16. Nxe5 Rh7 17. Nxf7 Rf8 18. Ne5 Nxe4 19. Qc2 d5 20. f3 Nf6 21. b4
Nc4 22. Nxc4 dxc4 23. Bxc4 Rg7 24. Qd3 h5 25. Bxa6 Bd6 26. Bxd6 cxd6 27. Bxb7+
Kxb7 28. Re6 Rd8 29. a5 Nd5 30. Qe4 Kc6 31. c4 Kd7 32. Qxd5 1-0

[Event "Outaouais-ch Reserve"]
[Site "Gatineau CAN"]
[Date "2023.03.28"]
[Round "1"]
[White "Chartrand, Alexis"]
[Black "Filion, Yves"]
[Result "0-1"]
[ECO "B08"]
[WhiteElo "1158"]
[BlackElo "1540"]
[PlyCount "49"]
[EventDate "2023.03.28"]
[EventType "swiss"]
[EventRounds "7"]
[EventCountry "CAN"]
[TimeControl "90+30"]

1. d4 g6 2. e4 Bg7 3. Nf3 d6 4. Nc3 Nf6 5. Bg5 Nbd7 6. e5 dxe5 7. dxe5 Ng4 8.
Qd4 Ngxe5 9. Nxe5 Bxe5 10. Qb4 c5 11. Qa3 b6 12. O-O-O Bb7 13. f3 Qc7 14. Bb5
Bd6 15. Rhe1 h6 16. Bxd7+ Qxd7 17. Rxd6 Qxd6 18. Rxe7+ Kf8 19. Qb3 Rh7 20.
Rxf7+ Rxf7 21. Bxh6+ Kg8 22. Ne4 Bxe4 23. fxe4 Rd8 24. c3 Rdd7 25. Qc2 0-1

[Event "Outaouais-ch Reserve"]
[Site "Gatineau CAN"]
[Date "2023.03.28"]
[Round "1"]
[White "Masse-Garneau, Anthony"]
[Black "Filion, Jean"]
[Result "1-0"]
[ECO "C60"]
[WhiteElo "1536"]
[BlackElo "1143"]
[PlyCount "101"]
[EventDate "2023.03.28"]
[EventType "swiss"]
[EventRounds "7"]
[EventCountry "CAN"]
[TimeControl "90+30"]

1. e4 e5 2. Nf3 Nc6 3. Bb5 Qf6 4. Nc3 Bc5 5. Nd5 Qd6 6. O-O Nf6 7. Nxf6+ Qxf6
8. c3 O-O 9. Bxc6 dxc6 10. d4 exd4 11. cxd4 Bb6 12. Qd3 Bg4 13. Ne5 Bc8 14. Be3
c5 15. dxc5 Qxe5 16. cxb6 axb6 17. Bd4 Qh5 18. Qc3 Qg6 19. Rfe1 c5 20. Be3 Bh3
21. Bg5 Qxg5 22. Qxh3 Rae8 23. Rad1 g6 24. Qb3 Re6 25. f3 Rd8 26. Rxd8+ Qxd8
27. Rd1 Qc7 28. Qd5 Re8 29. Qd6 Qxd6 30. Rxd6 Ra8 31. a3 Ra6 32. Kf2 b5 33. Rd7
b6 34. Ke3 g5 35. e5 b4 36. axb4 cxb4 37. Ke4 b5 38. Kf5 h6 39. Rd6 Ra7 40. Kf6
b3 41. Rd8+ Kh7 42. Rf8 b4 43. Rxf7+ Rxf7+ 44. Kxf7 h5 45. e6 g4 46. e7 gxf3
47. gxf3 h4 48. e8=Q Kh6 49. Kf6 Kh7 50. Qf7+ Kh8 51. Qg7# 1-0

[Event "Outaouais-ch Reserve"]
[Site "Gatineau CAN"]
[Date "2023.03.28"]
[Round "1"]
[White "Piche, Danielle"]
[Black "Blais, Robert"]
[Result "0-1"]
[ECO "D02"]
[WhiteElo "961"]
[BlackElo "1507"]
[PlyCount "60"]
[EventDate "2023.03.28"]
[EventType "swiss"]
[EventRounds "7"]
[EventCountry "CAN"]
[TimeControl "90+30"]

1. d4 d5 2. Bf4 Nf6 3. Nf3 Bf5 4. e3 e6 5. Nbd2 Bd6 6. Bg3 O-O 7. c3 Nc6 8. a3
a6 9. Be2 Re8 10. O-O Bxg3 11. hxg3 e5 12. Re1 e4 13. Ne5 Nxe5 14. dxe5 Rxe5
15. Qb3 b5 16. a4 c6 17. f4 exf3 18. gxf3 Rxe3 19. Nf1 Re7 20. Qb4 Qb6+ 21. Kh2
Rae8 22. g4 Rxe2+ 23. Rxe2 Rxe2+ 24. Kh3 Be6 25. Ng3 Rf2 26. Rf1 Rxf1 27. Nxf1
h5 28. Nh2 hxg4+ 29. fxg4 Qe3+ 30. Kh4 g5# 0-1

[Event "Outaouais-ch Reserve"]
[Site "Gatineau CAN"]
[Date "2023.03.28"]
[Round "1"]
[White "Seguin, Hubert"]
[Black "Boutin, Michel"]
[Result "1-0"]
[ECO "C61"]
[WhiteElo "1526"]
[BlackElo "1093"]
[PlyCount "41"]
[EventDate "2023.03.28"]
[EventType "swiss"]
[EventRounds "7"]
[EventCountry "CAN"]
[TimeControl "90+30"]

1. e4 e5 2. Nf3 Nc6 3. Bb5 Nd4 4. Nxd4 exd4 5. c3 a6 6. Ba4 b5 7. Bb3 Bc5 8.
Bxf7+ Kxf7 9. Qh5+ g6 10. Qxc5 Nf6 11. e5 Re8 12. O-O d6 13. Qxd4 Rxe5 14. d3
Qe8 15. Nd2 Re1 16. Nf3 Rxf1+ 17. Kxf1 Ng4 18. Ng5+ Ke7 19. Bf4 Kf8 20. Re1 c5
21. Qh8# 1-0

[Event "Outaouais-ch Reserve"]
[Site "Gatineau CAN"]
[Date "2023.04.04"]
[Round "2"]
[White "Arcand, Pierre"]
[Black "Lavoie, Aren"]
[Result "0-1"]
[ECO "C68"]
[WhiteElo "1170"]
[BlackElo "1389"]
[PlyCount "108"]
[EventDate "2023.03.28"]
[EventType "swiss"]
[EventRounds "7"]
[EventCountry "CAN"]
[TimeControl "90+30"]

1. e4 e5 2. Nf3 Nc6 3. Bb5 a6 4. Bxc6 dxc6 5. h3 Bc5 6. Nc3 Qf6 7. d3 h6 8. Bd2
Be6 9. Qe2 O-O-O 10. Be3 Bb4 11. Bd2 Ne7 12. a3 Bc5 13. Be3 Bxe3 14. Qxe3 Kb8
15. O-O-O g5 16. g4 Ng6 17. Ne2 Rhe8 18. d4 Bc4 19. dxe5 Nxe5 20. Nxe5 Rxe5 21.
Rxd8+ Qxd8 22. Rd1 Qe7 23. Nc3 Re6 24. Qd4 b5 25. Qh8+ Kb7 26. Rd8 c5 27. b3 b4
28. axb4 cxb4 29. Nd5 Bxd5 30. exd5 Re1+ 31. Kb2 Qe5+ 32. Qxe5 Rxe5 33. Rd7 Kc8
34. Rxf7 Rxd5 35. Rf6 Rd6 36. Rxd6 cxd6 37. c3 a5 38. Kc2 Kd7 39. cxb4 axb4 40.
Kd3 d5 41. Kd4 Kd6 42. f3 Kc6 43. Ke5 Kc5 44. f4 gxf4 45. Kxf4 Kd4 46. g5 hxg5+
47. Kxg5 Ke3 48. h4 d4 49. h5 d3 50. h6 d2 51. h7 d1=Q 52. h8=Q Qd5+ 53. Kg4
Qd4+ 54. Kg3 Qxh8 0-1

[Event "Outaouais-ch Reserve"]
[Site "Gatineau CAN"]
[Date "2023.04.04"]
[Round "2"]
[White "Bastien, Andre"]
[Black "Arvisais, Eric"]
[Result "1-0"]
[ECO "D02"]
[WhiteElo "1757"]
[BlackElo "1204"]
[PlyCount "89"]
[EventDate "2023.03.28"]
[EventType "swiss"]
[EventRounds "7"]
[EventCountry "CAN"]
[TimeControl "90+30"]

1. d4 d5 2. Nf3 Nf6 3. g3 c5 4. Bg2 Nc6 5. O-O Bg4 6. c3 Bxf3 7. Bxf3 h6 8. Qb3
Qd7 9. Rd1 e6 10. Bf4 c4 11. Qb5 Bd6 12. Bxd6 Qxd6 13. b3 cxb3 14. axb3 Qc7 15.
Qc5 Nd7 16. Qa3 b5 17. e4 Ne7 18. exd5 exd5 19. Re1 Nf6 20. c4 Kd8 21. Nc3 bxc4
22. bxc4 Qd7 23. Qa5+ Ke8 24. Bxd5 Rd8 25. Qxa7 Kf8 26. Qc5 Rc8 27. Qb4 h5 28.
Re2 Re8 29. Raa2 Qh3 30. Bg2 Qf5 31. Ra7 Ng4 32. Rea2 h4 33. Rxe7 Qc8 34. Rc7+
Kg8 35. Rxc8 Rxc8 36. Qb7 Re8 37. Ra8 Kh7 38. Rxe8 Rxe8 39. Be4+ Kg8 40. f3 Ne3
41. Bd5 Rf8 42. Ne4 Nf5 43. Ng5 Nd6 44. Qd7 Ne8 45. Bxf7+ 1-0

[Event "Outaouais-ch Reserve"]
[Site "Gatineau CAN"]
[Date "2023.04.04"]
[Round "2"]
[White "Blais, Robert"]
[Black "Chacon, Jose"]
[Result "0-1"]
[ECO "A51"]
[WhiteElo "1507"]
[BlackElo "1585"]
[PlyCount "33"]
[EventDate "2023.03.28"]
[EventType "swiss"]
[EventRounds "7"]
[EventCountry "CAN"]
[TimeControl "90+30"]

1. d4 Nf6 2. c4 e5 3. d5 Bc5 4. Nc3 O-O 5. Bg5 Bxf2+ 6. Kxf2 Ng4+ 7. Ke1 Qxg5
8. Nf3 Qh5 9. e4 d6 10. Be2 Ne3 11. Qd2 Nxg2+ 12. Kd1 Nf4 13. Rg1 Bg4 14. Rg3
f5 15. exf5 Rxf5 16. Kc2 Nxe2 17. Rag1 0-1

[Event "Outaouais-ch Reserve"]
[Site "Gatineau CAN"]
[Date "2023.04.04"]
[Round "2"]
[White "Chartrand, Alexis"]
[Black "Elsayed, Ahmed"]
[Result "0-1"]
[ECO "D53"]
[WhiteElo "1158"]
[BlackElo "2029"]
[PlyCount "72"]
[EventDate "2023.03.28"]
[EventType "swiss"]
[EventRounds "7"]
[EventCountry "CAN"]
[TimeControl "90+30"]

1. d4 d5 2. c4 e6 3. Nf3 Nf6 4. Nc3 Nc6 5. Bg5 Be7 6. e3 h6 7. Bh4 a6 8. Be2
O-O 9. O-O dxc4 10. Bxc4 b5 11. Be2 Bb7 12. Ne5 Nxe5 13. Bxf6 Bxf6 14. dxe5
Bxe5 15. Bf3 Qxd1 16. Nxd1 Bxf3 17. gxf3 g5 18. Rb1 Rfd8 19. Nc3 Bxc3 20. bxc3
Rd2 21. a4 c6 22. axb5 axb5 23. c4 bxc4 24. Rbc1 Ra4 25. Rfd1 c3 26. Rxd2 cxd2
27. Rd1 Ra2 28. Kf1 Kg7 29. Ke2 Kg6 30. f4 gxf4 31. exf4 Kh5 32. Kd3 Kg4 33.
Kc3 Kf3 34. Kb3 Ke2 35. Rb1 Ra5 36. Kb4 Rb5+ 0-1

[Event "Outaouais-ch Reserve"]
[Site "Gatineau CAN"]
[Date "2023.04.04"]
[Round "2"]
[White "De Carufel-Lebeau, Lucas"]
[Black "Cotillard, Tristan"]
[Result "0-1"]
[ECO "B13"]
[WhiteElo "1232"]
[BlackElo "1632"]
[PlyCount "60"]
[EventDate "2023.03.28"]
[EventType "swiss"]
[EventRounds "7"]
[EventCountry "CAN"]
[TimeControl "90+30"]

1. e4 c6 2. d4 d5 3. exd5 cxd5 4. Bd3 Nc6 5. c3 Qc7 6. Nf3 Bg4 7. Nbd2 e6 8. a3
Bd6 9. h3 Bh5 10. c4 Nxd4 11. Qa4+ Qc6 12. Qxc6+ Nxc6 13. cxd5 exd5 14. g4 Bg6
15. Bxg6 hxg6 16. b4 Rc8 17. Bb2 f6 18. g5 Ne5 19. Nxe5 Bxe5 20. Bxe5 fxe5 21.
f3 Rc3 22. Kd1 Kd7 23. Rc1 Rxa3 24. h4 Ne7 25. Ke2 Nf5 26. Kf2 Rxh4 27. Rxh4
Nxh4 28. Rh1 Nf5 29. Rh8 Ra2 30. Ke2 Rb2 0-1

[Event "Outaouais-ch Reserve"]
[Site "Gatineau CAN"]
[Date "2023.04.04"]
[Round "2"]
[White "Filion, Jean"]
[Black "Bolduc, Christian"]
[Result "1-0"]
[ECO "C24"]
[WhiteElo "1143"]
[BlackElo "1225"]
[PlyCount "93"]
[EventDate "2023.03.28"]
[EventType "swiss"]
[EventRounds "7"]
[EventCountry "CAN"]
[TimeControl "90+30"]

1. e4 e5 2. Bc4 Nf6 3. Qf3 Nc6 4. Ne2 Bc5 5. Qb3 O-O 6. Qg3 Nxe4 7. Qg4 Nd6 8.
d3 Nxc4 9. Bh6 Qf6 10. Bxg7 Qxg7 11. Qxc4 d6 12. O-O Bh3 13. Qe4 Nb4 14. Na3 f5
15. Qf3 e4 16. Qxh3 Qxb2 17. Nf4 Rf6 18. Qg3+ Kh8 19. dxe4 Rg8 20. Qb3 Qxb3 21.
axb3 Nc6 22. exf5 Rxf5 23. Nd3 Bd4 24. Rad1 a6 25. Nc4 Ne7 26. Nb4 Bc5 27. Nd3
Ng6 28. Nxc5 dxc5 29. Ne3 Rff8 30. Rd7 Rg7 31. Rxg7 Kxg7 32. Rd1 Nf4 33. Rd7+
Kg8 34. Rxc7 b6 35. Kf1 a5 36. Rb7 Rf6 37. Ng4 Rf7 38. Nh6+ Kg7 39. Rxf7+ Kxh6
40. Rxf4 b5 41. Rf6+ Kg7 42. Ra6 a4 43. Ra5 axb3 44. cxb3 c4 45. bxc4 bxc4 46.
Rc5 h5 47. Rxh5 1-0

[Event "Outaouais-ch Reserve"]
[Site "Gatineau CAN"]
[Date "2023.04.04"]
[Round "2"]
[White "Filion, Samuel"]
[Black "Brault, Jean-Francois"]
[Result "0-1"]
[ECO "B31"]
[WhiteElo "1492"]
[BlackElo "1558"]
[PlyCount "88"]
[EventDate "2023.03.28"]
[EventType "swiss"]
[EventRounds "7"]
[EventCountry "CAN"]
[TimeControl "90+30"]

1. e4 c5 2. Nf3 Nc6 3. d4 cxd4 4. Nxd4 g6 5. Bb5 Bg7 6. c3 Qb6 7. Bxc6 bxc6 8.
O-O d6 9. Nb3 Nf6 10. Be3 Qc7 11. f3 O-O 12. Re1 Nd7 13. N1d2 Ba6 14. Nf1 Ne5
15. Qc1 Nd3 16. Qd2 Nxe1 17. Rxe1 Bxf1 18. Kxf1 Rfe8 19. Bf4 c5 20. Rd1 Rad8
21. Qf2 Qb6 22. Be3 Qa6+ 23. Qe2 Qxe2+ 24. Kxe2 Rb8 25. Rd2 Rb6 26. Kd1 Reb8
27. Kc1 Rb5 28. Rc2 a5 29. a4 Rxb3 30. g4 Bd4 31. Bh6 Be5 32. f4 Bf6 33. f5 g5
34. Rd2 Rd8 35. e5 Bxe5 36. Bxg5 f6 37. Be3 Rd7 38. Kc2 Rdb7 39. Kc1 Bxc3 40.
bxc3 Rxc3+ 41. Rc2 Rxe3 42. Rc4 Rb4 43. Rxb4 axb4 44. Kb2 Ra3 0-1

[Event "Outaouais-ch Reserve"]
[Site "Gatineau CAN"]
[Date "2023.04.04"]
[Round "2"]
[White "Labelle, Raymond"]
[Black "Marghetis, Aris"]
[Result "0-1"]
[ECO "B07"]
[WhiteElo "1533"]
[BlackElo "1812"]
[PlyCount "82"]
[EventDate "2023.03.28"]
[EventType "swiss"]
[EventRounds "7"]
[EventCountry "CAN"]
[TimeControl "90+30"]

1. e4 g6 2. d4 Bg7 3. Nf3 d6 4. h3 Nf6 5. Bd3 Nbd7 6. Nc3 c6 7. a4 O-O 8. Be3
a6 9. O-O Re8 10. Qd2 e5 11. Bg5 exd4 12. Nxd4 Qb6 13. Be3 Qc7 14. Nce2 Nxe4
15. Bxe4 Rxe4 16. Ng3 Re8 17. c3 Ne5 18. b3 c5 19. Nde2 Be6 20. Rab1 Rad8 21.
Nf4 Re7 22. Nxe6 Rxe6 23. Ne2 d5 24. Nf4 Red6 25. Rfc1 b6 26. Ne2 Qd7 27. Bf4
Qf5 28. Ng3 Qd7 29. Re1 f6 30. Qc1 Nd3 31. Qd2 Nxe1 32. Bxd6 Nf3+ 33. gxf3 Qxd6
34. Rd1 f5 35. Re1 Be5 36. Ne2 Qf6 37. f4 Bc7 38. Kg2 Qd6 39. Kf3 Re8 40. Rg1
Qe6 41. h4 Qe4+ 0-1

[Event "Outaouais-ch Reserve"]
[Site "Gatineau CAN"]
[Date "2023.04.04"]
[Round "2"]
[White "Medeiros, Joshua"]
[Black "Masse-Garneau, Anthony"]
[Result "1/2-1/2"]
[ECO "B33"]
[WhiteElo "1399"]
[BlackElo "1536"]
[PlyCount "65"]
[EventDate "2023.03.28"]
[EventType "swiss"]
[EventRounds "7"]
[EventCountry "CAN"]
[TimeControl "90+30"]

1. e4 c5 2. Nf3 e6 3. d4 cxd4 4. Nxd4 Nf6 5. Nc3 Nc6 6. Ndb5 d6 7. Bf4 e5 8.
Bg5 a6 9. Na3 b5 10. Nd5 Be7 11. Bxf6 Bxf6 12. c3 O-O 13. Nc2 g6 14. Nxf6+ Qxf6
15. Ne3 Ne7 16. Be2 Rd8 17. O-O Bb7 18. Nd5 Nxd5 19. exd5 Qe7 20. Qd2 Rac8 21.
Bd1 Rc5 22. Bb3 f5 23. a3 Qf7 24. Rad1 Re8 25. Ba2 e4 26. b4 Rc7 27. Qd4 Rec8
28. Rc1 Qg7 29. Qb6 Qe7 30. Qd4 Qg7 31. Qb6 Qe7 32. Qd4 Qg7 33. Qb6 1/2-1/2

[Event "Outaouais-ch Reserve"]
[Site "Gatineau CAN"]
[Date "2023.04.04"]
[Round "2"]
[White "Palsson, Halldor"]
[Black "Marenger, Vincent"]
[Result "1/2-1/2"]
[ECO "D08"]
[WhiteElo "1888"]
[BlackElo "1497"]
[PlyCount "125"]
[EventDate "2023.03.28"]
[EventType "swiss"]
[EventRounds "7"]
[EventCountry "CAN"]
[TimeControl "90+30"]

1. d4 d5 2. c4 e5 3. dxe5 d4 4. a3 Nc6 5. Nf3 Bg4 6. b4 Bxf3 7. gxf3 Nxe5 8.
Nd2 Nf6 9. f4 Nc6 10. b5 Na5 11. Qa4 b6 12. Bg2 Rc8 13. Nf3 Bd6 14. Nxd4 Bxf4
15. e3 Be5 16. Bb2 O-O 17. O-O-O Qe7 18. Bh3 Rcd8 19. f4 Bxf4 20. Nf5 Rxd1+ 21.
Rxd1 Bxe3+ 22. Kb1 Qe4+ 23. Ka1 Qf3 24. Bxf6 gxf6 25. Nxe3 Qxe3 26. Bf1 Qb3 27.
Qxb3 Nxb3+ 28. Kb2 Nc5 29. Bg2 Kg7 30. Bd5 f5 31. Kc3 Kf6 32. Rg1 h5 33. Kd4
Re8 34. Rg3 Re5 35. Rh3 f4 36. Rf3 Ne6+ 37. Bxe6 fxe6 38. Rxf4+ Rf5 39. Rh4 Kg5
40. Rh3 h4 41. Ke4 Kg4 42. Rd3 h3 43. Rg3+ Kh4 44. Rg6 Rf2 45. Ke3 Rxh2 46.
Rxe6 Ra2 47. Kf4 Kh5 48. Kg3 h2 49. Re1 Kg5 50. Rf1 a5 51. bxa6 Rxa3+ 52. Kxh2
Rxa6 53. Rf7 c5 54. Kg2 Ra4 55. Rb7 Rxc4 56. Rxb6 Kf4 57. Kf2 Rc2+ 58. Ke1 Ke3
59. Kd1 Kd3 60. Rd6+ Kc3 61. Rc6 c4 62. Rxc4+ Kxc4 63. Kxc2 1/2-1/2

[Event "Outaouais-ch Reserve"]
[Site "Gatineau CAN"]
[Date "2023.04.04"]
[Round "2"]
[White "Paradis, Emile"]
[Black "Piche, Danielle"]
[Result "1-0"]
[ECO "B01"]
[WhiteElo "1454"]
[BlackElo "961"]
[PlyCount "62"]
[EventDate "2023.03.28"]
[EventType "swiss"]
[EventRounds "7"]
[EventCountry "CAN"]
[TimeControl "90+30"]

1. e4 d5 2. exd5 Qxd5 3. Nc3 Qa5 4. Bc4 Nf6 5. d3 Bf5 6. Bd2 c6 7. Nd5 Qd8 8.
Nxf6+ exf6 9. Qe2+ Be6 10. Bxe6 fxe6 11. Qxe6+ Be7 12. O-O-O Nd7 13. Nf3 Nc5
14. Qc4 Qd6 15. Bf4 Qd7 16. d4 Ne6 17. d5 Nxf4 18. dxc6 Qc7 19. cxb7 Qxc4 20.
bxa8=Q+ Kf7 21. Qxh8 Ne2+ 22. Kb1 Qe4 23. Qb8 h6 24. Qxa7 Kg6 25. Nh4+ Kg5 26.
Rhe1 Kxh4 27. Qa6 Bb4 28. Rxe2 Qxg2 29. Qc4+ Kg5 30. Qxb4 Qxh2 31. f4+ Kg6 1-0

[Event "Outaouais-ch Reserve"]
[Site "Gatineau CAN"]
[Date "2023.04.04"]
[Round "2"]
[White "Pestieau, Gabriel"]
[Black "Deschenes, Stephane"]
[Result "1-0"]
[ECO "A43"]
[WhiteElo "1582"]
[BlackElo "1118"]
[PlyCount "63"]
[EventDate "2023.03.28"]
[EventType "swiss"]
[EventRounds "7"]
[EventCountry "CAN"]
[TimeControl "90+30"]

1. d4 g6 2. c4 Bg7 3. Nc3 c5 4. d5 d6 5. e4 e6 6. Nf3 h6 7. Bf4 e5 8. Be3 Nf6
9. h3 Qa5 10. Qd2 Bf8 11. Bd3 Na6 12. O-O Be7 13. a3 Bd7 14. b4 cxb4 15. axb4
Qxb4 16. Rfb1 g5 17. Rxb4 Nxb4 18. Rxa7 Rb8 19. Nb5 O-O 20. Qxb4 Bd8 21. Qxd6
Bxb5 22. cxb5 Rc8 23. Rxb7 Ne8 24. Qxh6 Rc7 25. Rxc7 Nxc7 26. Nxg5 Bxg5 27.
Bxg5 f6 28. Qg6+ Kh8 29. Bh6 Rg8 30. Qxf6+ Kh7 31. Bg5 Ne8 32. Qh6# 1-0

[Event "Outaouais-ch Reserve"]
[Site "Gatineau CAN"]
[Date "2023.04.04"]
[Round "2"]
[White "Scantland, Patrick"]
[Black "Jacques, Olivier"]
[Result "1-0"]
[ECO "D15"]
[WhiteElo "1672"]
[BlackElo "1286"]
[PlyCount "55"]
[EventDate "2023.03.28"]
[EventType "swiss"]
[EventRounds "7"]
[EventCountry "CAN"]
[TimeControl "90+30"]

1. d4 d5 2. c4 c6 3. Nf3 Nf6 4. Nc3 a6 5. cxd5 cxd5 6. Bf4 Bf5 7. e3 Nh5 8. Be5
f6 9. Bg3 Nxg3 10. hxg3 Nc6 11. Nh4 Be6 12. Bd3 Bf7 13. Ng6 hxg6 14. Rxh8 e5
15. dxe5 Nxe5 16. f4 Nxd3+ 17. Qxd3 Qd7 18. Kf2 O-O-O 19. Rd1 Qe7 20. Qd4 Kb8
21. a3 Be6 22. b4 f5 23. Na4 Qc7 24. Nc5 Bf7 25. Rc1 Qd6 26. Nb3 Be8 27. Qe5 b6
28. Rxf8 1-0

[Event "Outaouais-ch Reserve"]
[Site "Gatineau CAN"]
[Date "2023.04.04"]
[Round "2"]
[White "Vachon, Jean-Clement"]
[Black "Rioux, Jocelyn"]
[Result "1-0"]
[ECO "B11"]
[WhiteElo "1265"]
[BlackElo "1612"]
[PlyCount "99"]
[EventDate "2023.03.28"]
[EventType "swiss"]
[EventRounds "7"]
[EventCountry "CAN"]
[TimeControl "90+30"]

1. e4 c6 2. Nc3 d5 3. exd5 cxd5 4. Bb5+ Nc6 5. Nf3 Nf6 6. O-O a6 7. Ba4 b5 8.
Bb3 e6 9. d4 Bd6 10. Ne2 O-O 11. c3 Bb7 12. Ng3 Qc7 13. Bc2 h6 14. Qd3 Rac8 15.
Re1 Nb4 16. Qd2 Nxc2 17. Qxc2 b4 18. Ne5 bxc3 19. bxc3 Qxc3 20. Qxc3 Rxc3 21.
Rb1 Ba8 22. Rb6 Bxe5 23. dxe5 Nd7 24. Rxa6 Nc5 25. Ra3 Rxa3 26. Bxa3 Rc8 27.
Rc1 d4 28. Rxc5 Rd8 29. Kf1 Bd5 30. Rc2 d3 31. Rd2 Bxa2 32. f3 Rd5 33. Bb2 Kf8
34. Kf2 Ke8 35. Ke3 Bb1 36. Ne4 Rb5 37. Bd4 Kd7 38. Nf2 Kc6 39. Nxd3 Rb3 40.
Ke2 Kd5 41. Bf2 Bxd3+ 42. Rxd3+ Rxd3 43. Kxd3 Kxe5 44. Bd4+ Kf5 45. Bxg7 h5 46.
Bf8 Kf4 47. Be7 f5 48. Bf6 e5 49. Ke2 e4 50. g3# 1-0

[Event "Outaouais-ch Reserve"]
[Site "Gatineau CAN"]
[Date "2023.05.02"]
[Round "6"]
[White "Blais, Robert"]
[Black "Laflamme, Mathieu"]
[Result "0-1"]
[ECO "B22"]
[WhiteElo "1507"]
[BlackElo "1340"]
[PlyCount "74"]
[EventDate "2023.03.28"]
[EventType "swiss"]
[EventRounds "7"]
[EventCountry "CAN"]
[TimeControl "90+30"]

1. e4 c6 2. c4 d5 3. cxd5 cxd5 4. e5 Nc6 5. d4 Bf5 6. Bb5 e6 7. Nf3 Bxb1 8.
Rxb1 Qa5+ 9. Bd2 Qxb5 10. a3 Nge7 11. g4 Rc8 12. h4 h5 13. g5 Nf5 14. Be3 Nxe3
15. fxe3 g6 16. Nd2 Qd3 17. Qf3 Qf5 18. Qe2 Be7 19. Rf1 Qh3 20. Qf2 O-O 21. Ke2
Qf5 22. Qh2 Qc2 23. Rfc1 Qa4 24. Kf3 Na5 25. b3 Qxa3 26. Ra1 Qb4 27. Ra4 Qb6
28. Rca1 Bb4 29. R1a2 a6 30. Nb1 Rc1 31. Na3 Rfc8 32. Nc2 Bc3 33. b4 Nc4 34.
Qf2 Nd2+ 35. Kg2 Ne4 36. Qe2 Bd2 37. Na3 Nc3 0-1